 Dungeon Crawl Stone Soup version 0.28-a0-533-g9f97627e2a (webtiles) character file.

Game seed: 12193255973130579595

111 Gargoyl the Skirmisher (level 4, -1/41 HPs)
             Began as a Gnoll Abyssal Knight on Sept 25, 2021.
             Was a Believer of Lugonu.
             Slain by a gnoll (7 damage)
             ... on level 3 of the Dungeon.
             The game lasted 00:03:25 (2574 turns).

Gargoyl the Skirmisher (Gnoll Abyssal Knight)       Turns: 2574, Time: 00:03:25

Health: -1/41      AC: 12    Str: 13    XL:     4   Next: 92%
Magic:  7/7        EV:  3    Int: 10    God:    Lugonu [**....]
Gold:   65         SH:  0    Dex: 12    Spells: 5/5 levels left

rFire   . . .      SeeInvis .   a - +1 hand axe
rCold   . . .      Faith    .   (no shield)
rNeg    . . .      Spirit   .   c - +1 chain mail
rPois   .          Reflect  .   i - +2 hat
rElec   .          Harm     .   (no cloak)
rCorr   .          Rampage  .   (no gloves)
Will    .....                   (no boots)
Stlth   ..........              e - amulet of magic regeneration
HPRegen 0.13/turn               (no ring)
MPRegen 0.35/turn               (no ring)

@: lethally poisoned (-1 -> -6), constricted
A: fangs 1, strong nose, distributed training
a: Renounce Religion, Depart the Abyss, Bend Space


You were on level 3 of the Dungeon.
You worshipped Lugonu.
Lugonu was pleased with you.
You visited 1 branch of the dungeon, and saw 3 of its levels.
You visited the Abyss 1 time.

You collected 65 gold pieces.

Inventory:

Hand Weapons
 a - a +1 hand axe (weapon)
Missiles
 f - 8 poisoned darts (quivered)
Armour
 c - a +1 chain mail (worn)
 i - a +2 hat (worn)
Jewellery
 e - an amulet of magic regeneration (around neck)
Scrolls
 b - a scroll of identify
Potions
 d - a potion of haste
 j - a potion of cancellation


   Skills:
 + Level 6.6 Fighting
 + Level 1.2 Short Blades
 + Level 1.2 Long Blades
 + Level 4.7 Axes
 + Level 1.2 Maces & Flails
 + Level 1.2 Polearms
 + Level 1.2 Staves
 + Level 1.2 Slings
 + Level 1.2 Bows
 + Level 1.2 Crossbows
 + Level 1.2 Throwing
 + Level 4.7 Armour
 + Level 2.8 Dodging
 + Level 1.2 Stealth
 + Level 1.2 Shields
 + Level 1.2 Unarmed Combat
 + Level 1.2 Spellcasting
 + Level 1.0 Conjurations
 + Level 1.0 Hexes
 + Level 1.0 Summonings
 + Level 1.0 Necromancy
 + Level 1.0 Translocations
 + Level 1.0 Transmutations
 + Level 1.0 Fire Magic
 + Level 1.0 Ice Magic
 + Level 1.0 Air Magic
 + Level 1.0 Earth Magic
 + Level 1.0 Poison Magic
 + Level 4.7 Invocations
 + Level 1.2 Evocations


You had 5 spell levels left.
You didn't know any spells.
Your spell library contained the following spells:

 Spells                   Type           Power      Damage    Failure   Level
 Animate Skeleton         Necr           4%         N/A       99%         1
 Pain                     Necr           8%         1d4       99%         1
 Summon Small Mammal      Summ           8%         N/A       99%         1
 Call Canine Familiar     Summ           2%         N/A       100%        3
 Ozocubu's Armour         Ice            2%         N/A       100%        3
 Summon Guardian Golem    Hex/Summ       2%         N/A       100%        3
 Vampiric Draining        Necr           1%         2d6       100%        3
 Ozocubu's Refrigeration  Ice            1%         4d5       100%        7


Dungeon Overview and Level Annotations

Branches:
Dungeon (3/15)

Altars:

Shops:
D:1 ?


Innate Abilities, Weirdness & Mutations

You have very sharp teeth.
Your uncanny sense of smell can sniff out nearby items.
Your experience applies equally to all skills.


Message History

The ball python grabs you.
You stop ascending the stairs.
The ball python constricts you. The gnoll hits you but does no damage.
The ball python bites you but does no damage.
The ball python bites you. The gnoll hits you but does no damage.
The adder bites you but does no damage.
Unknown command.
You escape the ball python's grasp.
You feel sick.
The ball python bites you but does no damage.
The ball python grabs you.
You stop ascending the stairs.
The ball python constricts you.
The ball python bites you but does no damage.
The gnoll hits you with a +0 club.
The ball python bites you but does no damage.
The adder bites you but does no damage.
The gnoll hits you from afar with a +0 halberd.
* * * LOW HITPOINT WARNING * * *
Unknown command.
Okay, then.
The ball python's grasp on you weakens, but your attempt to escape fails.
You feel sick.
The ball python bites you but does no damage.
The ball python constricts you.
The ball python bites you but does no damage.
The ball python barely misses you. The gnoll hits you with a +0 club.
* * * LOW HITPOINT WARNING * * *
The adder bites you.
* * * LOW HITPOINT WARNING * * *
You are more poisoned.
The adder poisons you! The orc hits you but does no damage.
The gnoll hits you but does no damage. The ball python barely misses you.
The ball python constricts you.
You escape the ball python's grasp.
* * * LOW HITPOINT WARNING * * *
You feel sick.
The ball python bites you but does no damage.
The ball python barely misses you. The adder barely misses you.
The ball python bites you but does no damage.
The ball python grabs you.
You stop ascending the stairs.
The ball python constricts you. The gnoll hits you with a +0 club!
You die...

.#...#.(.##..g.
...............
$...........w..
##.............
...............
.(.......!... .
......SSog#....
......g@>......
.......SS...#.#
........<...#
.......###.##
....... .#
....... #
..<.... .......


You could see 3 gnolls, an adder, a dart slug, an orc and 3 ball pythons.

Vanquished Creatures
  A hound (D:2)
  An adder (D:2)
  3 worms (D:2)
  2 dart slugs (D:1)
  4 orcs (D:2)
  4 endoplasms
  3 giant cockroaches
  A goblin (D:2)
  5 hobgoblins
  3 jackals (D:2)
  3 quokkas
  6 ball pythons
  2 bats
  8 frilled lizards
  9 kobolds
  2 rats (D:1)
57 creatures vanquished.

Notes
Turn   | Place    | Note
-------+----------+-------------------------------------------
     0 | Abyss:1  | Gargoyl the Gnoll Abyssal Knight began the quest for the
                  | Orb.
     0 | Abyss:1  | Reached XP level 1. HP: 23/23 MP: 3/3
    21 | Abyss:2  | Noticed an ancient zyme
    56 | Abyss:2  | Noticed a ynoxinul
    58 | Abyss:2  | Noticed a thrashing horror
    60 | D:1      | Escaped the Abyss
   529 | D:1      | Reached * piety under Lugonu
   537 | D:1      | Reached XP level 2. HP: 28/29 MP: 5/5
   761 | D:1      | Found Epnegih's Magic Scroll Boutique.
  1081 | D:1      | Reached XP level 3. HP: 35/35 MP: 6/6
  1811 | D:2      | Reached skill level 1 in Short Blades
  1811 | D:2      | Reached skill level 1 in Long Blades
  1811 | D:2      | Reached skill level 1 in Maces & Flails
  1811 | D:2      | Reached skill level 1 in Polearms
  1811 | D:2      | Reached skill level 1 in Staves
  1811 | D:2      | Reached skill level 1 in Slings
  1811 | D:2      | Reached skill level 1 in Bows
  1811 | D:2      | Reached skill level 1 in Crossbows
  1811 | D:2      | Reached skill level 1 in Throwing
  1811 | D:2      | Reached skill level 1 in Stealth
  1811 | D:2      | Reached skill level 1 in Shields
  1811 | D:2      | Reached skill level 1 in Unarmed Combat
  1811 | D:2      | Reached skill level 1 in Spellcasting
  1811 | D:2      | Reached skill level 1 in Evocations
  1990 | D:2      | Reached ** piety under Lugonu
  1998 | D:2      | Reached XP level 4. HP: 30/41 MP: 7/7
  2407 | D:2      | Reached skill level 1 in Conjurations
  2407 | D:2      | Reached skill level 1 in Hexes
  2407 | D:2      | Reached skill level 1 in Summonings
  2407 | D:2      | Reached skill level 1 in Necromancy
  2407 | D:2      | Reached skill level 1 in Translocations
  2407 | D:2      | Reached skill level 1 in Transmutations
  2407 | D:2      | Reached skill level 1 in Fire Magic
  2407 | D:2      | Reached skill level 1 in Ice Magic
  2407 | D:2      | Reached skill level 1 in Air Magic
  2407 | D:2      | Reached skill level 1 in Earth Magic
  2407 | D:2      | Reached skill level 1 in Poison Magic
  2574 | D:3      | Slain by a gnoll

Illustrated notes

Levels and vault maps discovered:
D:1:      wheals_arrival_linesprint, layout_basic, serial_shops,
          nicolae_shop_stone
D:2:      layout_rooms
D:3:      layout_rooms, gup_sewer_entry_bowl,
          hangedman_abyss_or_decor_lesser_grid, minmay_close_crescents

Skill      XL: |  1  2  3  4 |
---------------+-------------+-----
Short Blades   | 1 |  1.2
Long Blades    | 1 |  1.2
Maces & Flails | 1 |  1.2
Polearms       | 1 |  1.2
Staves         | 1 |  1.2
Slings         | 1 |  1.2
Bows           | 1 |  1.2
Crossbows      | 1 |  1.2
Throwing       | 1 |  1.2
Stealth        | 1 |  1.2
Shields        | 1 |  1.2
Unarmed Combat | 1 |  1.2
Spellcasting   | 1 |  1.2
Evocations     | 1 |  1.2
Conjurations   | 1 |  1.0
Hexes          | 1 |  1.0
Summonings     | 1 |  1.0
Necromancy     | 1 |  1.0
Translocations | 1 |  1.0
Transmutations | 1 |  1.0
Fire Magic     | 1 |  1.0
Ice Magic      | 1 |  1.0
Air Magic      | 1 |  1.0
Earth Magic    | 1 |  1.0
Poison Magic   | 1 |  1.0
Fighting       | |  6.6
Axes           | |  4.7
Armour         | |  4.7
Dodging        | |  2.8
Invocations    | |  4.7

Action                   |  1- 3 |  4- 6 || total
-------------------------+-------+-------++-------
Melee: Hand axe          |   118 |    47 ||   165
       Bite              |     9 |     4 ||    13
Invok: Depart the Abyss  |     1 |       ||     1
       Bend Space        |       |     1 ||     1
  Use: Scroll            |     6 |       ||     6
Armor: Chain mail        |    83 |    90 ||   173
Dodge: Dodged            |    35 |    38 ||    73

Table legend: (Time is in decaauts)
 A = Elapsed time spent in this place.
 B = Non-inter-level travel time spent in this place.
 C = Inter-level travel time spent in this place.
 D = Time resting spent in this place.
 E = Time spent auto-exploring this place.
 F = Levels seen in this place.
 G = Mean time per level.
                   A        B        C        D        E       F      G
               +--------+--------+--------+--------+--------+-----+--------+
         Total |   2586 |   2485 |    101 |      0 |   1968 |   5 |  517.2 |
       Dungeon |   2526 |   2425 |    101 |      0 |   1957 |   3 |  842.0 |
         Abyss |     59 |     59 |      0 |      0 |     11 |   2 |   29.5 |
               +--------+--------+--------+--------+--------+-----+--------+

Top non-repeatable levels by time:
     D:1: 1613 daAuts
     D:2: 897 daAuts
 Abyss:2: 49 daAuts
     D:3: 15 daAuts
 Abyss:1: 10 daAuts
